 Dungeon Crawl Stone Soup version 0.31.0-11-ge490571c62 (webtiles) character file.

Game seed: 8057578714323448806

261 mopl the Slasher (level 6, -3/49 HPs)
             Began as a Merfolk Fighter on Feb 8, 2024.
             Slain by Menkaure (16 damage)
             ... on level 4 of the Dungeon.
             The game lasted 00:02:49 (2098 turns).

mopl the Slasher (Merfolk Fighter)                  Turns: 2098, Time: 00:02:50

Health: -3/49      AC:  6    Str: 18    XL:     6   Next: 18%
Magic:  6/6        EV: 10    Int:  8    God:
Gold:   31         SH:  4    Dex: 13    Spells: 5/5 levels left

rFire   . . .        a - +0 long sword
rCold   . . .        c - +0 buckler
rNeg    . . .        e - +0 scale mail
rPois   .            (no helmet)
rElec   .            (no cloak)
rCorr   .            (no gloves)
SInv    .            (no boots)
Will    .....        (no amulet) Stlth
                     (no ring)
HPRegen 0.28/turn    (no ring)
MPRegen 0.10/turn

%: no passive effects
@: no status effects
A: (nimble swimmer 2), mertail
a: no special abilities


You were on level 4 of the Dungeon.
You visited 1 branch of the dungeon, and saw 4 of its levels.

You collected 137 gold pieces.
You spent 106 gold pieces at shops.

Inventory:

Hand Weapons
 a - a +0 long sword (weapon)
 b - a +4 dagger of venom
Missiles
 j - 6 poisoned darts (quivered)
Armour
 c - a +0 buckler (worn)
 e - a +0 scale mail (worn)
Wands
 s - a wand of paralysis (10)
Scrolls
 f - a scroll of vulnerability {unknown}
 i - 5 scrolls of identify {unknown}
 m - a scroll of amnesia {unknown}
 o - a scroll of blinking {unknown}
 q - 2 scrolls of fear {unknown}
 t - a scroll of enchant weapon {unknown}
Potions
 d - 2 potions of might
 g - a potion of berserk rage {unknown}
 h - a potion of resistance {unknown}
 k - a potion of haste {unknown}
 l - a potion of heal wounds {unknown}
 n - 2 potions of enlightenment {unknown}
 p - a potion of invisibility {unknown}
 r - 2 potions of mutation {unknown}


   Skills:
 + Level 4.3 Fighting
 * Level 5.0 Long Blades
 + Level 0.7 Throwing
 + Level 2.9 Armour
 + Level 3.0 Dodging
 - Level 3.0 Shields
 + Level 0.6 Evocations


You had 5 spell levels left.
You didn't know any spells.
Your spell library contained the following spells:

 Spells                   Type           Power      Damage    Failure   Level
 Summon Small Mammal      Summ           0%         N/A       87%         1
 Blink                    Tloc           0%         N/A       95%         2
 Lesser Beckoning         Tloc           0%         N/A       95%         2
 Momentum Strike          Conj/Tloc      0%         3d8       95%         2
 Call Canine Familiar     Summ           0%         N/A       99%         3
 Summon Blazeheart Golem  Fire/Summ      0%         N/A       100%        4


Dungeon Overview and Level Annotations

Branches:
Dungeon (4/15)
 Temple: D:4-7

Altars:

Shops:
D:3 *

Annotations:
D:4 Menkaure


Innate Abilities, Weirdness & Mutations

((You are very nimble when in or above water. (Stealth+, EV+, Speed+++)))
Your lower body shifts to a powerful aquatic tail in water.


Message History

You puncture the endoplasm!
You kill the endoplasm!
No target in view!
No target in view!
Menkaure and a quokka come into view.
Found a scroll labelled DEIMETTOTH.
Menkaure shouts!
There are monsters nearby!
You block Menkaure's attack.
The quokka bites you but does no damage.
You hit Menkaure.
Menkaure is lightly damaged.
The quokka bites you. Menkaure closely misses you.
You hit Menkaure but do no damage.
Menkaure is lightly damaged.
You block the quokka's attack.
Menkaure's bandages flutter.
Menkaure casts a spell.
Menkaure seems to speed up.
Your +4 dagger of venom stops dripping with poison.
a - a +0 long sword (weapon)
The quokka bites you but does no damage.
You completely miss Menkaure.
Menkaure is lightly damaged.
You block Menkaure's attack. The quokka barely misses you.
Menkaure barely misses you.
You hit Menkaure.
Menkaure is lightly damaged.
The quokka barely misses you.
Menkaure gestures at you while chanting.
Pain shoots through your body!
The quokka bites you but does no damage.
You hit Menkaure.
Menkaure is moderately damaged.
Menkaure hits you!!
* * * LOW HITPOINT WARNING * * *
The quokka bites you but does no damage.
Menkaure barely misses you.
Found a stone staircase leading up.
Menkaure hits you!
You die...

....#...#.# ###..........
..###......#####..........
..# #.....................
..# #......#####..........
..#........######.....#..?
#.#.#...........##........
#.....................##..
......... .##..Mr.........
.#..###.. ##..@.........
.#..## .................
........ .....####........
##...... ##### #..#.....
....#### ......... #####
....... ###.. <#


You could see Menkaure (fast) and a quokka.

Vanquished Creatures
  An ogre (D:4)
  Jessica (D:2)
  An orc wizard (D:3)
  5 adders
  2 dart slugs
  6 orcs (D:3)
  3 ball pythons
  3 bats (D:1)
  7 endoplasms
  3 giant cockroaches
  10 goblins
  6 hobgoblins
  2 quokkas
  2 frilled lizards
  16 kobolds
  5 rats
73 creatures vanquished.

Notes
Turn   | Place    | Note
-------+----------+-------------------------------------------
     0 | D:1      | mopl the Merfolk Fighter began the quest for the Orb.
     0 | D:1      | Reached XP level 1. HP: 18/18 MP: 1/1
    68 | D:1      | Reached XP level 2. HP: 17/24 MP: 2/2
   154 | D:1      | Reached skill level 1 in Dodging
   204 | D:1      | Reached skill level 3 in Long Blades
   328 | D:1      | Reached XP level 3. HP: 19/29 MP: 3/3
   739 | D:2      | Noticed Jessica
   746 | D:2      | Killed Jessica
   790 | D:2      | Reached XP level 4. HP: 23/37 MP: 4/4
  1097 | D:2      | Reached skill level 4 in Long Blades
  1383 | D:3      | Reached XP level 5. HP: 40/42 MP: 5/5
  1560 | D:3      | Found Ytsit's Assorted Antiques.
  1573 | D:3      | Bought an emerald potion for 25 gold pieces
  1573 | D:3      | Bought a smoky pink potion for 25 gold pieces
  1573 | D:3      | Bought a scroll labelled ODAIHIKIPY for 28 gold pieces
  1573 | D:3      | Bought a scroll labelled ODAIHIKIPY for 28 gold pieces
  1760 | D:3      | Found a faded altar of an unknown god.
  1997 | D:4      | Noticed an ogre
  2011 | D:4      | Killed an ogre
  2012 | D:4      | Reached skill level 5 in Long Blades
  2012 | D:4      | Reached XP level 6. HP: 49/49 MP: 6/6
  2089 | D:4      | Noticed Menkaure
  2098 | D:4      | Slain by Menkaure

Illustrated notes

Levels and vault maps discovered:
D:1:      lightli_iron_boxes, layout_basic, minivault_24,
          chequers_serial_rivers_marsh
D:2:      layout_basic, kennysheep_generic_room_9, uniq_jessica
D:3:      layout_loops_ring, serial_glass, glass_columns_a, glass_columns_a,
          glass_columns_a, glass_columns_a, glass_columns_a, glass_columns_b,
          glass_columns_a, glass_columns_a, serial_shops, shop,
          dreamdust_ecumenical_altar_statues
D:4:      layout_rooms, nicolae_hepliaklqana_hippocampus, serial_shops,
          nicolae_shop_trees, grunt_decor_resistance, uniq_robin, uniq_duvessa,
          uniq_menkaure

Skill      XL: |  1  2  3  4  5 |
---------------+----------------+-----
Dodging        | 1 2 3 |  3.0
Long Blades    | 3 4 5 |  5.0
Fighting       | 4 |  4.3
Throwing       | |  0.7
Armour         | |  2.9
Shields        | |  3.0
Evocations     | |  0.6

Action                     |  1- 3 |  4- 6 || total
---------------------------+-------+-------++-------
  Melee: Long sword        |    14 |     3 ||    17
         Short sword       |    10 |       ||    10
         Dagger            |    78 |   142 ||   220
  Throw: Dart              |       |     2 ||     2
 Armour: Scale mail        |    67 |    89 ||   156
  Dodge: Dodged            |    43 |    64 ||   107
  Block: Buckler           |    21 |    23 ||    44
